 Dungeon Crawl Stone Soup version 0.20.1-1-g8b1a95d (webtiles) character file.

40790 panicbit the Severer (level 13, -7/119 HPs)
             Began as a Minotaur Fighter on July 15, 2017.
             Was a High Priest of Okawaru.
             Killed from afar by a fire dragon (20 damage)
             ... with a blast of flame
             ... on level 15 of the Dungeon on July 16, 2017.
             The game lasted 00:44:31 (15394 turns).

panicbit the Severer (Minotaur Fighter)            Turns: 15394, Time: 00:44:32

Health: -7/119     AC: 30    Str: 26    XL:     13   Next: 76%
Magic:  11/13      EV: 13    Int:  5    God:    Okawaru [*****.]
Gold:   897        SH: 19    Dex: 18    Spells: 12/12 levels left

rFire    . . .     SeeInvis .   a - +2 war axe
rCold    . . .     Gourm    .   c - +3 shield
rNeg     . . .     Faith    .   G - +3 plate armour
rPois    +         Spirit   .   O - +2 hat
rElec    .         Reflect  .   (no cloak)
rCorr    .         Harm     .   U - +2 pair of gloves {Dex+3}
MR       +....                  P - +2 pair of boots
Stlth    ..........             (no amulet)
Regen    0.3/turn               z - ring of protection from magic
MPRegen  0.2/turn               C - ring of poison resistance

@: mighty, heroism
A: retaliatory headbutt, horns 2
a: Heroism, Finesse, Renounce Religion


You were on level 15 of the Dungeon.
You worshipped Okawaru.
Okawaru was extremely pleased with you.
You were not hungry.

You visited 2 branches of the dungeon, and saw 16 of its levels.
You also visited: Labyrinth.

You collected 1165 gold pieces.
You spent 268 gold pieces at shops.

Inventory:

Hand Weapons
 a - a +2 war axe (weapon)
 F - a +3 flail
Armour
 c - a +3 shield (worn)
 G - a +3 plate armour (worn)
 O - a +2 hat (worn)
 P - a +2 pair of boots (worn)
 U - a +2 pair of gloves of dexterity (worn)
Jewellery
 i - an uncursed ring of protection from cold
 y - an uncursed ring of protection from fire
 z - a ring of protection from magic (left hand)
 A - an uncursed ring of stealth
 C - a ring of poison resistance (right hand)
 T - an uncursed ring of protection from fire
 X - an uncursed ring of magical power
Wands
 n - a wand of iceblast (8/15)
Scrolls
 h - 4 scrolls of recharging
 k - 3 scrolls of fog
 l - 5 scrolls of identify
 t - 8 scrolls of remove curse
 v - 7 scrolls of magic mapping
 w - a scroll of holy word {unknown}
 x - 4 scrolls of teleportation
 E - a scroll of fear
 Q - 2 scrolls of summoning
 S - a scroll of amnesia
Potions
 b - a potion of cancellation {unknown}
 d - 4 potions of might
 e - 5 potions of flight
 j - 2 potions of resistance {unknown}
 o - a potion of brilliance {unknown}
 q - 3 potions of berserk rage {unknown}
 r - a potion of agility {unknown}
 s - 9 potions of curing
 u - 2 potions of degeneration {unknown}
 H - a potion of experience {unknown}
 J - 5 potions of heal wounds {unknown}
 K - 4 potions of lignification
 L - 3 potions of ambrosia {unknown}
 M - a potion of haste
Books
 p - a book of Battle

   Spells                             Type                      Level
   a - Infusion                       Charms                       1
   b - Shroud of Golubria             Charms/Translocation         2
   c - Song of Slaying                Charms                       2
   d - Spectral Weapon                Hexes/Charms                 3
   e - Regeneration                   Charms/Necromancy            3
Comestibles
 f - 7 bread rations
 g - 2 meat rations
 m - 17 royal jellies
 B - 8 chunks of flesh


   Skills:
 + Level 12.4(17.4) Fighting
 + Level 17.2(22.3) Axes
 + Level 2.3(16.9) Maces & Flails
 + Level 12.2(17.2) Armour
 + Level 3.0(8.0) Dodging
 + Level 2.0(7.0) Stealth
 + Level 13.3(18.3) Shields
 + Level 0.7(5.7) Unarmed Combat
 + Level 1.9 Invocations


You had 12 spell levels left.
You didn't know any spells.

Dungeon Overview and Level Annotations

Branches:
Dungeon (15/15)            Temple (1/1) D:4            Lair (0/6) D:9
    Orc (0/2) D:10         Vaults (0/5) D:14
 Depths: D:15

Altars:
Ashenzari
Cheibriados
Dithmenos
Elyvilon
Fedhas
Gozag
Hepliaklqana
Kikubaaqudgha
Makhleb
Nemelex Xobeh
Okawaru
Qazlal
Ru
Sif Muna
Trog
Uskayaw
Vehumet
Xom
Yredelemnul
Zin
The Shining One
Beogh

Shops:
D:13 *


Innate Abilities, Weirdness & Mutations

You reflexively headbutt those who attack you in melee.
You have a pair of horns on your head.


Message History

Unknown command.
You feel very mighty all of a sudden. You block the fire dragon's attack.
The fire dragon claws you but does no damage.
You block the fire dragon's attack. The fire dragon misses you.
You furiously retaliate!
You headbutt the fire dragon!
The fire dragon claws you but does no damage.
The fire dragon barely misses you.
You hit the fire dragon. You headbutt the fire dragon.
The fire dragon is moderately wounded.
You slice the fire dragon!! You block the fire dragon's attack.
The fire dragon claws you but does no damage.
The fire dragon tramples you.
* * * LOW HITPOINT WARNING * * *
You hold your ground!
The fire dragon breathes flames at you. The blast of flame misses you.
The fire dragon breathes flames at you. The blast of flame hits you!
You die...

.........#.#..##. .## #.#
...)#)...#.#..#$. .$# #.#
.....(.((#.#..#$$ .$# #.#
...##...)...^.#$. .$# #.#
...##.###.....#$. .$# #.####
...##.####....#..#..# #....#
...##.........##DD.# ####.##
#####..........##.#### #..##
#..........##@##.## ##..#
#####..........##.....#######.##
......}.........#..8...........#
####............##............##
##............##...........#
####..............##..........#
...............#.####.........#
#####.........)#.## #.........#
# #.###.#####...###############


You could see 2 fire dragons.

Vanquished Creatures
  Gastronok (D:8)
  The ghost of Rhok the Grappler, a journeyman TrBe of Trog (D:10)
  An ogre mage (D:15)
  2 hydras
  A minotaur (Lab)
  Harold (D:11)
  Erica (D:10)
  2 centaur warriors
  2 dancing weapons (D:14)
  10 two-headed ogres
  2 unseen horrors
  A glowing orange brain (shapeshifter) (D:13)
  Pikel (D:7)
  A wolf spider zombie (D:12)
  2 cyclopes
  2 ugly things (D:11)
  A deep elf mage (D:13)
  Joseph (D:8)
  Maurice (D:11)
  Psyche (D:8)
  3 gargoyles
  3 kobold demonologists
  A tengu conjurer (D:15)
  2 trolls
  3 meliai (D:13)
  11 slime creatures
  Prince Ribbit (D:9)
  10 hippogriffs
  A shadow (D:11)
  A wyvern (D:10)
  5 yaks (D:11)
  7 vampire mosquitoes
  A swamp worm (shapeshifter) (D:15)
  Menkaure (D:7)
  3 acid dragons
  The ghost of appiemonkey the Caller, an amateur TeSu (D:4)
  16 orc warriors
  An eye of draining (D:13)
  6 ice beasts
  4 black bears
  3 sky beasts
  4 necrophages
  8 ogres
  2 phantoms
  7 centaurs
  A big kobold (D:9)
  2 crocodiles
  8 bullfrogs
  4 wyvern skeletons
  8 scorpions
  13 wights
  2 electric eels (D:12)
  4 centaur zombies
  3 howler monkeys
  10 crimson imps
  3 hounds
  8 jellies
  8 orc priests
  5 centaur skeletons
  11 orc wizards
  3 bullfrog skeletons
  Ijyb (D:4)
  An iguana (D:8)
  8 worker ants
  A worker ant zombie (D:5)
  10 gnolls
  8 adders
  4 shadow imps
  5 oozes (D:12)
  An adder zombie (D:7)
  A worm (D:3)
  6 leopard geckos
  75 orcs
  6 giant cockroaches
  8 goblins
  11 hobgoblins
  4 jackals (D:9)
  21 kobolds
  6 quokkas
  4 bats
  4 frilled lizards
  A giant cockroach zombie (D:5)
  A jackal skeleton (D:6)
  A quokka skeleton (D:9)
  10 rats
431 creatures vanquished.

Vanquished Creatures (others)
  A jelly (D:7)
  An adder zombie (D:7)
  A plant (D:12)
3 creatures vanquished.

Grand Total: 434 creatures vanquished

Notes
Turn   | Place    | Note
-------+----------+-------------------------------------------
     0 | D:1      | panicbit the Minotaur Fighter began the quest for the Orb.
     0 | D:1      | Reached XP level 1. HP: 19/19 MP: 0/0
   115 | D:1      | Reached XP level 2. HP: 20/27 MP: 1/1
   895 | D:2      | Reached XP level 3. HP: 33/33 MP: 2/2
  1273 | D:2      | Reached skill level 3 in Axes
  1281 | D:2      | Reached XP level 4. HP: 11/40 MP: 3/3
  1941 | D:3      | Reached skill level 4 in Axes
  1941 | D:3      | Reached XP level 5. HP: 43/47 MP: 4/4
  2101 | D:3      | Reached skill level 1 in Dodging
  2495 | D:4      | Noticed appiemonkey's ghost (amateur TeSu)
  2555 | D:4      | Noticed Ijyb
  2568 | D:4      | Killed Ijyb
  2568 | D:4      | Reached skill level 5 in Armour
  2914 | D:4      | Reached XP level 6. HP: 52/53 MP: 5/5
  3244 | D:4      | Killed appiemonkey's ghost
  3244 | D:4      | Reached skill level 5 in Axes
  3244 | D:4      | Reached skill level 5 in Shields
  3254 | D:4      | Found a staircase to the Ecumenical Temple.
  3260 | Temple   | Entered the Ecumenical Temple
  3355 | Temple   | Became a worshipper of Warmaster Okawaru
  3642 | D:5      | Entered Level 5 of the Dungeon
  3720 | D:5      | Noticed a hippogriff
  3730 | D:5      | Killed a hippogriff
  3730 | D:5      | Reached skill level 5 in Fighting
  3730 | D:5      | Reached XP level 7. HP: 21/61 MP: 6/6
  4003 | D:5      | Reached * piety under Okawaru
  4003 | D:5      | Reached skill level 6 in Axes
  4263 | D:5      | Found a radiant altar of Vehumet.
  4316 | D:5      | Reached XP level 8. HP: 51/69 MP: 7/7
  4632 | D:6      | Reached skill level 7 in Axes
  4871 | D:6      | Reached ** piety under Okawaru
  5192 | D:6      | Reached skill level 8 in Axes
  5522 | D:7      | Noticed Menkaure
  5525 | D:7      | Killed Menkaure
  5653 | D:7      | Reached XP level 9. HP: 75/75 MP: 8/8
  5771 | D:7      | Noticed Pikel
  5783 | D:7      | Killed Pikel
  5783 | D:7      | Reached *** piety under Okawaru
  5783 | D:7      | Reached skill level 9 in Axes
  6539 | D:8      | Noticed Gastronok
  6551 | D:8      | Reached skill level 10 in Axes
  6564 | D:8      | Killed Gastronok
  6564 | D:8      | Reached **** piety under Okawaru
  6564 | D:8      | Reached skill level 11 in Axes
  6564 | D:8      | Reached XP level 10. HP: 26/86 MP: 5/9
  6825 | D:8      | Noticed Joseph
  6839 | D:8      | Killed Joseph
  6943 | D:8      | Noticed Psyche
  6965 | D:8      | Killed Psyche
  6965 | D:8      | Reached skill level 12 in Axes
  7460 | D:9      | Noticed Prince Ribbit
  7495 | D:9      | Reached ***** piety under Okawaru
  7548 | D:9      | Killed Prince Ribbit
  7892 | D:9      | Found a staircase to the Lair.
  8134 | D:10     | Entered Level 10 of the Dungeon
  8200 | D:10     | Reached skill level 13 in Axes
  8220 | D:10     | Found a staircase to the Orcish Mines.
  8242 | D:10     | Found a roughly hewn altar of Beogh.
  8561 | D:10     | Killed an unseen horror
  8561 | D:10     | Reached skill level 1 in Stealth
  8561 | D:10     | Reached XP level 11. HP: 50/95 MP: 10/10
  8793 | D:10     | Noticed Rhok's ghost (journeyman TrBe)
  8819 | D:10     | Killed Rhok's ghost
  9288 | D:10     | Noticed a two-headed ogre
  9298 | D:10     | Killed a two-headed ogre
  9317 | D:10     | Noticed Erica
  9330 | D:10     | Killed Erica
  9330 | D:10     | Reached skill level 10 in Armour
  9554 | D:10     | Noticed a two-headed ogre
  9564 | D:10     | Killed a two-headed ogre
  9564 | D:10     | Received a gift from Okawaru
  9564 | D:10     | Reached skill level 14 in Axes
  9564 | D:10     | Reached skill level 10 in Shields
  9845 | D:11     | Noticed Maurice
  9854 | D:11     | Killed Maurice
  9909 | D:11     | Reached skill level 1 in Invocations
  9932 | D:11     | Noticed a purple ugly thing
  9946 | D:11     | Killed a purple ugly thing
 10038 | D:11     | Reached skill level 10 in Fighting
 10095 | D:11     | Noticed a two-headed ogre
 10107 | D:11     | Killed a two-headed ogre
 10133 | D:11     | Killed an unseen horror
 10176 | D:11     | Noticed a purple ugly thing
 10192 | D:11     | Killed a purple ugly thing
 10192 | D:11     | Reached skill level 15 in Axes
 10208 | D:11     | Noticed a two-headed ogre
 10211 | D:11     | Reached XP level 12. HP: 96/106 MP: 8/11
 10242 | D:11     | Killed a two-headed ogre
 10316 | D:11     | Found a labyrinth entrance.
 10316 | D:11     | Noticed Harold
 10321 | Lab      | Entered a labyrinth
 10520 | Lab      | Noticed a minotaur
 10525 | Lab      | Killed a minotaur
 10547 | D:11     | Killed Harold
 10547 | D:11     | Received a gift from Okawaru
 11194 | D:12     | Noticed a five-headed hydra
 11204 | D:12     | Killed a five-headed hydra
 12368 | D:13     | Reached skill level 16 in Axes
 12444 | D:13     | Noticed a two-headed ogre
 13009 | D:13     | Found Ziluem's Assorted Antiques.
 13018 | D:13     | Bought a potion of might for 136 gold pieces
 13018 | D:13     | Bought a potion of curing for 102 gold pieces
 13200 | D:13     | Bought a coppery potion for 30 gold pieces
 13574 | D:13     | Noticed a centaur warrior
 13580 | D:13     | Killed a centaur warrior
 13580 | D:13     | Reached XP level 13. HP: 111/116 MP: 13/13
 13981 | D:14     | Found a gate to the Vaults.
 14042 | D:14     | Received a gift from Okawaru
 14361 | D:14     | Found a sparkling altar of Nemelex Xobeh.
 14370 | D:14     | Reached skill level 1 in Maces & Flails
 14612 | D:15     | Entered Level 15 of the Dungeon
 15147 | D:15     | Reached skill level 17 in Axes
 15307 | D:15     | Received a gift from Okawaru
 15387 | D:15     | Noticed a fire dragon
 15388 | D:15     | Noticed a fire dragon
 15394 | D:15     | Killed from afar by a fire dragon

Skill      XL: |  1  2  3  4  5  6  7  8  9 10 11 12 13 |
---------------+----------------------------------------+-----
Shields        | 4 5 6 7 8 9 10 12 13 | 13.3
Armour         | 4 5 6 7 9 10 11 12 | 12.2
Fighting       | 4 5 6 7 8 10 11 12 | 12.4
Axes           | 3 4 5 6 8 11 13 15 16 17 | 17.2
Dodging        | 1 2 3 |  3.0
Stealth        | 1 2 |  2.0
Invocations    | 1 |  1.9
Maces & Flails | 2 |  2.3
Unarmed Combat | |  0.7

Action                   |  1- 3 |  4- 6 |  7- 9 | 10-12 | 13-15 || total
-------------------------+-------+-------+-------+-------+-------++-------
Melee: War axe           |    87 |   113 |   218 |   763 |   247 ||  1428
       Headbutt          |     9 |    22 |    55 |   209 |    67 ||   362
       Unarmed           |       |     7 |       |       |       ||     7
       Flail             |       |       |       |     6 |     4 ||    10
Invok: Heroism           |       |       |     3 |    11 |     4 ||    18
       Finesse           |       |       |       |     1 |       ||     1
  Use: Scroll            |       |       |       |    27 |       ||    27
       Potion            |       |       |       |     1 |     1 ||     2
  Eat: Chunk             |     1 |     7 |     9 |    14 |       ||    31
       Fruit             |       |       |     2 |     4 |       ||     6
       Meat ration       |       |       |       |     3 |       ||     3
Armor: Scale mail        |    37 |    57 |       |       |       ||    94
       Skin              |       |     1 |       |       |       ||     1
       Chain mail        |       |    11 |    40 |       |       ||    51
       Plate armour      |       |       |    63 |   346 |   101 ||   510
Dodge: Dodged            |    27 |    65 |    30 |   147 |    56 ||   325
Block: Shield            |    55 |    73 |   120 |   442 |   173 ||   863
